 Dungeon Crawl Stone Soup version 0.29-a0-998-g1987434951 (webtiles) character file.

Game seed: 13057959044555342538

13 xian the Conjurer (level 2, -2/26 HPs)
             Began as an Ogre Conjurer on Aug 5, 2022.
             Slain by Terence
             ... wielding a +0 falchion
              (4 damage)
             ... on level 2 of the Dungeon.
             The game lasted 00:02:56 (1079 turns).

xian the Conjurer (Ogre Conjurer)                   Turns: 1079, Time: 00:02:56

Health: -2/26      AC:  7    Str: 10    XL:     2   Next: 37%
Magic:  3/5        EV:  9    Int: 25    God:
Gold:   48         SH:  0    Dex:  7    Spells: 2/5 levels left

rFire   . . .      SeeInvis .   e - +0 dagger (pain)
rCold   . . .      Faith    .   (no shield)
rNeg    . . .      Spirit   .   a - +0 robe
rPois   .          Reflect  .   (helmet restricted)
rElec   .          Harm     .   (no cloak)
rCorr   .          Rampage  .   (gloves unavailable)
Will    .....                   (boots unavailable)
Stlth   +.........              (no amulet)
HPRegen 0.08/turn               i - +6 ring of intelligence
MPRegen 0.09/turn               g - +4 ring of protection

@: very slightly contaminated
A: large, unfitting armour, tough skin 1
a: no special abilities


You were on level 2 of the Dungeon.
You visited 1 branch of the dungeon, and saw 2 of its levels.

You collected 48 gold pieces.

Inventory:

Hand Weapons
 e - a +0 dagger of pain (weapon)
Missiles
 d - 10 stones (quivered)
Armour
 a - a +0 robe (worn)
Jewellery
 g - a +4 ring of protection (right hand)
 i - a +6 ring of intelligence (left hand)
Scrolls
 f - a scroll of teleportation {unknown}
 j - a scroll of identify {unknown}
Potions
 c - a potion of berserk rage {unknown}
 h - a potion of curing {unknown}
 k - a potion of lignification {unknown}


   Skills:
 * Level 0.6 Fighting
 + Level 1.9 Dodging
 + Level 1.4 Stealth
 + Level 2.4 Spellcasting
 + Level 4.0 Conjurations


You had 2 spell levels left.
You knew the following spells:

 Your Spells              Type           Power      Damage    Failure   Level
a - Magic Dart            Conj           92%        1d7       1%          1
b - Searing Ray           Conj           46%        2d6       3%          2

Your spell library contained the following spells:

 Spells                   Type           Power      Damage    Failure   Level
 Dazzling Flash           Conj/Hex       26%        N/A       14%         3
 Fulminant Prism          Conj/Hex       6%         3d7       43%         4
 Iskenderun's Mystic Bla  Conj/Tloc      13%        2d5       43%         4


Dungeon Overview and Level Annotations

Branches:
Dungeon (2/15)

Altars:

Shops:
D:1 *

Annotations:
D:2 Terence


Innate Abilities, Weirdness & Mutations

You are too large for most types of armour.
You have tough skin. (AC +1)


Message History

Press: ? - help, Shift-Dir - straight line, f/p - Terence
Aim: Terence, wielding a +0 falchion and wearing a +2 chain mail of poison resistance (84% to hit)
The searing ray hits Terence.
Terence is lightly wounded. (Press . to maintain the ray.)
The searing ray hits Terence.
Terence is moderately wounded.
Terence hits you with a +0 falchion.
The searing ray hits Terence!
Terence is almost dead.
Terence hits you with a +0 falchion.
Without enough magic to sustain it, your searing ray dissipates.
Terence hits you with a +0 falchion.
Casting: Searing Ray (safe; 3% risk of failure)
Confirm with . or Enter, or press ? or * to list all spells.
You don't have enough magic to cast this spell.
Unknown command.
Unknown command.
Terence hits you with a +0 falchion.
You barely miss Terence.
Terence is almost dead.
Terence hits you with a +0 falchion.
* * * LOW HITPOINT WARNING * * *
You hit Terence but do no damage.
Terence is almost dead.
Terence misses you. Terence attacks as you move away!
Terence hits you with a +0 falchion.
* * * LOW HITPOINT WARNING * * *
Magic courses through your body. Terence hits you but does no damage.
Casting: Searing Ray (safe; 3% risk of failure)
Confirm with . or Enter, or press ? or * to list all spells.
Aiming: Searing Ray (safe; 3% risk of failure)
Press: ? - help, Shift-Dir - straight line, f/p - Terence
Aim: Terence, wielding a +0 falchion and wearing a +2 chain mail of poison resistance (almost dead, 84% to hit)
You miscast Searing Ray.
You are very lightly contaminated with residual magic.
Nothing appears to happen.
Terence screams, "I want your blood!" Terence hits you with a +0 falchion.
You die...

.............#
...............#
...............#
...............#
...............#
...............#
...............#
...............#
..$....@@......#
################


You could see Terence.

Vanquished Creatures
  A bat (D:1)
  2 endoplasms (D:1)
  2 giant cockroaches (D:1)
  A jackal (D:1)
  A ball python (D:1)
  2 frilled lizards (D:1)
  2 kobolds (D:1)
  2 rats (D:1)
13 creatures vanquished.

Notes
Turn   | Place    | Note
-------+----------+-------------------------------------------
     0 | D:1      | xian the Ogre Conjurer began the quest for the Orb.
     0 | D:1      | Reached XP level 1. HP: 16/16 MP: 3/3
   276 | D:1      | Reached XP level 2. HP: 24/24 MP: 1/5
   325 | D:1      | Learned a level 2 spell: Searing Ray
   360 | D:1      | Found Dung's General Store.
   392 | D:1      | Reached skill level 4 in Conjurations
  1065 | D:2      | Noticed Terence
  1079 | D:2      | Slain by Terence

Illustrated notes

Levels and vault maps discovered:
D:1:      ncdulo_wetmaze, layout_loops_ring, serial_shops, shop,
          minmay_tromino_v7
D:2:      layout_basic, uniq_terence

Skill      XL: |  1  2 |
---------------+-------+-----
Conjurations   | 4 |  4.0
Fighting       | |  0.6
Dodging        | |  1.9
Stealth        | |  1.4
Spellcasting   | |  2.4

Action                   || total
-------------------------++-------
Melee: Dagger            ||     7
       Short sword       ||     5
       Unarmed           ||     2
Throw: Stone             ||     3
 Cast: Magic Dart        ||    21
       Searing Ray       ||     1
  Use: Potion            ||     1
Armor: Robe              ||    17
Dodge: Dodged            ||    18

Table legend: (Time is in decaauts)
 A = Elapsed time spent in this place.
 B = Non-inter-level travel time spent in this place.
 C = Inter-level travel time spent in this place.
 D = Time resting spent in this place.
 E = Time spent auto-exploring this place.
 F = Levels seen in this place.
 G = Mean time per level.
                   A        B        C        D        E       F      G
               +--------+--------+--------+--------+--------+-----+--------+
         Total |   1088 |   1074 |     14 |      0 |    976 |   2 |  544.0 |
       Dungeon |   1088 |   1074 |     14 |      0 |    976 |   2 |  544.0 |
               +--------+--------+--------+--------+--------+-----+--------+

Top non-repeatable levels by time:
     D:1: 1055 daAuts
     D:2: 33 daAuts
